 Dungeon Crawl Stone Soup version 0.18-a0-1774-gce1f7b6 (console) character file.

123 Liam the Conjurer (level 4, 0/24 HPs)
             Began as a Deep Elf Conjurer on Apr 15, 2016.
             Killed from afar by an orc wizard (9 damage)
             ... with a magic dart
             ... on level 4 of the Dungeon.
             The game lasted 00:15:57 (2225 turns).

Liam the Conjurer (Deep Elf Conjurer)               Turns: 2225, Time: 00:15:58

Health: 0/24       AC:  2    Str:  5    XL:     4   Next: 80%
Magic:  3/13       EV:  8    Int: 21    God:
Gold:   78         SH:  0    Dex: 15    Spells: 2 memorised, 8 levels left

rFire  . . .     SeeInvis .     k - +1 dagger (elec)
rCold  . . .     Gourm    .     a - +0 robe
rNeg   . . .     Faith    .     (no shield)
rPois  .         Spirit   .     (no helmet)
rElec  .         Dismiss  .     (no cloak)
rCorr  .         Reflect  .     (no gloves)
SustAt .         Harm     .     (no boots)
MR     .....                    (no amulet)
Stlth  ++........               (no ring)
                                (no ring)

@: not resistant to hostile enchantments, unstealthy
A: no striking features
a: no special abilities


You were on level 4 of the Dungeon.
You were very hungry.

You visited 1 branch of the dungeon, and saw 4 of its levels.

You collected 78 gold pieces.

Inventory:

Hand Weapons
 k - a +1 dagger of electrocution (weapon)
Armour
 a - a +0 robe (worn)
Scrolls
 d - 4 scrolls of identify {unknown}
 e - 2 scrolls of recharging {unknown}
 m - a scroll of magic mapping {unknown}
 n - a scroll of enchant armour {unknown}
Potions
 i - a potion of invisibility {unknown}
 j - a potion of haste {unknown}
 l - a potion of mutation {unknown}
 o - a potion of flight {unknown}
Books
 b - a book of Conjurations

   Spells                             Type                      Level
   a - Magic Dart                     Conjuration                  1
   b - Searing Ray                    Conjuration                  2
   c - Dazzling Spray                 Conjuration/Hexes            3
   d - Fulminant Prism                Conjuration/Hexes            4
   e - Iskenderun's Mystic Blast      Conjuration                  4
   f - Iskenderun's Battlesphere      Conjuration/Charms           5
Comestibles
 c - 2 bread rations
 f - 2 meat rations
 g - a fruit
 h - 2 beef jerkies


   Skills:
 - Level 2.4 Dodging
 - Level 2.4 Stealth
 + Level 5.1 Spellcasting
 + Level 5.8 Conjurations


You had 8 spell levels left.
You knew the following spells:

 Your Spells              Type           Power        Failure   Level  Hunger
a - Magic Dart            Conj           ####         1%          1    None
x - Iskenderun's Mystic   Conj           ####....     12%         4    ####...


Dungeon Overview and Level Annotations

Branches:
Dungeon (4/15)
 Temple: D:4-7

Altars:

Annotations:
D:3 Grinder


Message History

The magic dart hits the orc wizard.
The orc wizard is moderately wounded.
Casting: Magic Dart
Confirm with . or Enter, or press ? or * to list all spells.
Aiming: Magic Dart
Press: ? - help, Shift-Dir - straight line, f/p - orc wizard
Aim: an orc wizard, wielding a dagger and wearing a robe (moderately wounded)
The magic dart hits the orc wizard.
The orc wizard is heavily wounded.
The orc wizard closely misses you.
You are feeling very hungry.
There is an open door here.
There is an open door here.
The orc priest mumbles some strange prayers to Beogh against you.
Beogh smites you!
Ouch! That really hurt!
There is a stone staircase leading up here.
The orc wizard points at you and mumbles some strange words.
The magic dart hits you!
You die...

##.....####+#...
#......#....o...
#......#....#...
#......#....#...
#####+####.....##...#...
#.......##.....##...#...
#........#.....####'#...
#........'....o##...#...
#....>.@o#..........#...
##########..........#
#..........#
........##...#
..##.....##...# ..
########...# . ....#
...#


You could see an orc priest and an orc wizard.

Vanquished Creatures
  8 adders
  A worm (D:2)
  2 dart slugs
  A giant gecko (D:1)
  3 orcs (D:4)
  A giant cockroach (D:2)
  5 hobgoblins
  3 jackals (D:2)
  A quokka (D:3)
  6 bats
  2 giant newts
  4 goblins
  3 kobolds
  5 rats
45 creatures vanquished.

Notes
Turn   | Place    | Note
--------------------------------------------------------------
     0 | D:1      | Liam the Deep Elf Conjurer began the quest for the Orb.
     0 | D:1      | Reached XP level 1. HP: 10/10 MP: 6/6
   214 | D:1      | Reached XP level 2. HP: 15/15 MP: 2/8
   888 | D:1      | Reached skill level 5 in Conjurations
  1139 | D:2      | Reached XP level 3. HP: 11/19 MP: 0/10
  1957 | D:3      | Reached XP level 4. HP: 24/24 MP: 9/12
  1968 | D:3      | Learned a level 4 spell: Iskenderun's Mystic Blast
  2071 | D:3      | Noticed Grinder
  2186 | D:4      | Reached skill level 5 in Spellcasting
  2225 | D:4      | Killed from afar by an orc wizard

Vault maps used:
D:1:      minmay_arrival_widening_spiral_wide
D:3:      zin_statuary, uniq_grinder
D:4:      lemuel_doored_altar, minmay_temple_entry_butterflies, serial_shops,
          kennysheep_mini_moat, first_bread

Skill      XL: |  1  2  3  4 |
---------------+-------------+-----
Conjurations   | 5 |  5.8
Spellcasting   | 4 5 |  5.1
Dodging        | |  2.4
Stealth        | |  2.4

Action                   |  1- 3 |  4- 6 || total
-------------------------+-------+-------++-------
Melee: Dagger            |     1 |       ||     1
 Cast: Magic Dart        |    78 |    30 ||   108
       Iskenderun's Myst |       |     2 ||     2
  Eat: Chunk             |     3 |       ||     3
Armor: Robe              |     1 |       ||     1
Dodge: Dodged            |     9 |     6 ||    15
